Map: Deathaura LE

Players

A.I. 2 (Easy)

  • Race: Protoss Protoss
  • Spawn Location: 5:00

rex - Winner!

  • Race: Protoss Protoss
  • Spawn Location: 11:00

VOD

Have the link to the VOD?

Description

Time

  • Played on: Jan. 22, 2021, 3:59 p.m.
  • Length: 12:15
Show
View Real Time Build Order
Export as new Build Order

A.I. 2 (Easy) Protoss 

Build Orders:  

Get SALT Encoding   

  12  0:00  Probe  
  13  0:13  Probe  
  14  0:20  Pylon  
  14  0:25  Probe  
  15  0:34  Probe  
  16  0:44  Assimilator  
  16  0:50  Gateway  
  16  0:54  Pylon  
  16  1:16  Assimilator  
  16  1:29  Zealot  
  18  1:40  Cybernetics Core  
  18  2:04  Probe  
  18  2:05  Pylon  
  19  2:12  Probe  
  19  2:18  Warp Gate, Stalker  
  19  2:22  Probe  
  23  2:34  Probe  
  24  2:46  Probe  
  24  2:48  Adept  
  25  2:58  Probe  
  28  3:21  Stalker  
  30  3:53  Adept  
  32  6:53  Probe  
  32  6:58  Stalker  
  32  6:59  Pylon  
  35  7:04  Nexus  
  35  7:19  Robotics Facility  
  35  7:21  Stalker  
  37  7:23  Pylon  
  31  7:44  Sentry  
  29  8:07  Observer, Stalker  
  32  8:13  Probe  
  33  8:20  Probe  
  33  8:21  Observer  
  33  8:22  Probe  
  33  8:23  Assimilator  
  33  8:25  Assimilator  
  35  8:30  Zealot, Probe  
  35  8:32  Probe  
  40  8:42  Probe  
  40  8:45  Probe  
  42  8:53  Stalker  
  42  8:54  Probe  
  43  8:57  Probe  
  38  9:06  Probe  
  38  9:09  Probe  
  38  9:15  Stalker  
  40  9:19  Probe  
  40  9:20  Probe  
  40  9:29  Probe  
  40  9:30  Immortal  
  40  9:31  Probe  
  45  9:37  Pylon  
  46  9:43  Probe  
  39  9:53  Zealot  
  39  9:55  Probe  
  33  10:07  Probe  
  33  10:09  Immortal  
  37  10:15  Pylon  
  37  10:19  Probe  
  38  10:22  Zealot  
  36  10:28  Probe  
  35  10:36  Probe  
  35  10:38  Pylon  
  35  10:39  Gateway  
  36  10:45  Probe  
  36  10:49  Immortal  
  40  10:57  Nexus  
  40  10:58  Probe  
  6  11:36  Zealot  
Show
View Real Time Build Order
Export as new Build Order

rex Protoss - Winner!

Build Orders: 1 Gate Expand 

Get SALT Encoding   

  12  0:15  Pylon  
  12  0:18  Probe  
  13  0:30  Probe  
  13  0:34  Assimilator  
  14  0:44  Gateway  
  14  1:01  Probe  
  15  1:13  Probe  
  16  1:31  Nexus  
  16  1:44  Cybernetics Core  
  16  1:49  Probe  
  17  2:01  Probe  
  18  2:13  Probe  
  19  2:15  Warp Gate (Chrono Boost)  
  19  2:25  Probe  
  20  2:37  Probe  
  20  2:44  Pylon  
  21  2:47  Probe  
  22  2:54  Adept  
  24  2:59  Probe  
  25  3:06  Assimilator  
  25  3:09  Probe  
  25  3:11  Probe  
  27  3:21  Shield Battery, Probe  
  27  3:23  Probe  
  27  3:24  Adept  
  31  3:33  Probe  
  32  3:47  Robotics Facility  
  32  4:06  Stalker  
  34  4:20  Pylon  
  34  4:22  Pylon  
  34  4:31  Stalker  
  36  4:33  Probe  
  36  4:37  Probe  
  38  4:45  Probe  
  39  4:49  Probe  
  38  4:57  Probe  
  37  5:01  Stalker  
  39  5:09  Immortal  
  39  5:13  Probe  
  44  5:25  Probe  
  45  5:36  Probe  
  45  5:37  Probe  
  47  5:44  Assimilator  
  47  5:46  Assimilator  
  47  5:47  Warp Prism  
  47  5:48  Probe  
  47  5:49  Probe  
  51  5:59  Stalker  
  51  6:00  Probe  
  51  6:01  Probe  
  55  6:13  Gateway  
  55  6:14  Gateway  
  55  6:17  Gateway  
  55  6:23  Stalker  
  57  6:28  Probe  
  58  6:40  Probe  
  59  6:53  Probe  
  60  6:56  Pylon  
  60  7:07  Pylon x2  
  60  7:09  Stalker  
  60  7:10  Pylon  
  60  7:14  Immortal  
  60  7:15  Stalker  
  68  7:21  Stalker  
  70  7:27  Stalker  
  72  8:12  Pylon  
  72  8:16  Pylon  
  72  8:35  Stalker  
  72  8:36  Nexus, Stalker x2  
  72  8:37  Stalker  
  78  9:04  Stalker  
  78  9:05  Stalker x2  
  78  9:07  Stalker  
  86  10:07  Stalker x2  
  86  10:08  Stalker x2  
  88  10:42  Stalker x4  
  94  11:06  Stalker x2  
  94  11:07  Stalker x2  
  100  11:38  Stalker x2  
  100  11:39  Stalker x2  
Tags
 
Matchup
PvP
Spawn Locations
Cross Positions
Add a new tag
Caveats
  • Supply blocks, unpowered buildings, or Contaminate may cause inaccurate times.
  • Supply counts are checked every 10 seconds.